Unix NetHack Version 5.0.0-0 post-release - last build May  3 2026 23:40:34 (9823c992c0763bbd039eca2974112f46eaf799b3,branch:main).

Game began 2026-05-04 20:26:44, ended 2026-05-04 20:40:47.

Drastanta, lawful female dwarven Valkyrie

                                            ---------          ----------
                                            |.......|          |........|
                                            |.{......#        #-........|
                                            |....>..|#        #|....(...|
                                            -----.---#        #|........|
                                                 #   #      ###--------.-
                                               ###   #      #          #
                                               :     #     ##          #
                                               @     #     #          #
                                              e#     #     #          #
                                                     #     #          #
                                                    ##     #        ###
                                                    #----.-#        #
                                                    #|....|#      --.------
                                                    #|.....#      |.......|
                                                    #-....|#######.......<|
                                                     ------       ---------

Drastanta the Skirmisher    St:18 Dx:9 Co:20 In:9 Wi:9 Ch:10  Lawful
Dlvl:4  $:67 HP:0(41) Pw:5(5) AC:5  Xp:3/63 T:1805 

Latest messages:
 THUD!
 You see here a broken chest.
 p - a tin.
 You see here 7 gold pieces.
 $ - 7 gold pieces (54 in total).
 The door opens.
 You see here 13 gold pieces.
 $ - 13 gold pieces (67 in total).
 You see here a runed wand.
 q - a runed wand.
 You hit the floating eye!
 You are frozen by the floating eye's gaze!
 The gecko bites!
 The gecko bites!
 The gecko bites!
 The gecko bites!
 The gecko just misses!
 The gecko bites!
 The gecko just misses!
 The gecko bites!
 The gecko bites!
 The gecko bites!
 The gecko bites!
 The gecko bites!
 The gecko bites!
 The gecko bites!
 The gecko bites!
 The gecko bites!
 The gecko bites!
 The gecko just misses!
 The gecko bites!
 The gecko bites!
 The gecko bites!
 The gecko bites!
 The gecko bites!
 The gecko bites!
 The gecko bites!
 The gecko bites!
 The gecko bites!
 The gecko bites!
 The gecko bites!
 The gecko just misses!
 The gecko bites!
 The gecko bites!
 The gecko bites!
 The gecko bites!
 The gecko bites!
 You die...
 Do you want your possessions identified? [ynq] (y) y
 Do you want to see your attributes? [ynq] (y) q

Inventory:
 Coins    ('$')
  $ - 67 gold pieces
 Weapons  (')')
  b - a +0 dagger (weapon in right hand)
  a - a +1 dwarvish spear (alternate weapon; not wielded)
 Armor    ('[')
  i - an uncursed +0 orcish helm (being worn)
  c - an uncursed +3 small shield (being worn)
 Comestibles  ('%')
  d - 3 uncursed food rations
  j - an uncursed tin of broiled lichen
  p - an uncursed tin of deep fried cave spider meat
 Scrolls  ('?')
  n - an uncursed scroll of confuse monster
  m - an uncursed scroll of food detection
  e - an uncursed scroll of scare monster
 Potions  ('!')
  g - an uncursed potion of monster detection
 Wands    ('/')
  f - a wand of digging (0:3)
  q - a wand of slow monster (0:7)
  o - a wand of stasis (0:2)
 Tools    ('(')
  h - an uncursed sack containing 1 item
 Gems/Stones  ('*')
  l - 2 uncursed worthless pieces of yellowish brown glass

Contents of the sack:
  an uncursed potion of booze

Drastanta the Valkyrie's attributes:

Background:
 You were a Skirmisher, a level 3 dwarven Valkyrie.
 You were lawful, nominally on a mission for Tyr
 who was opposed by Odin (neutral) and Loki (chaotic).
 You were right-handed.
 You were in the Dungeons of Doom, on level 4.
 You entered the dungeon 1805 turns ago.
 There was a full moon in effect when your adventure ended.
 You had 63 experience points, 17 more were needed to attain level 4.

Basics:
 You had 0 out of 41 hit points.
 You had all 5 energy points (spell power).
 Your armor class was 5.
 Your wallet contained 67 zorkmids.
 Autopickup was off.

Final Characteristics:
 Your strength was 18 (limit:18/100).
 Your dexterity was 9 (limit:20).
 Your constitution was 20 (limit:20).
 Your intelligence was 9 (limit:16).
 Your wisdom was 9 (limit:16).
 Your charisma was 10 (limit:16).

Final Status:
 You weren't hungry.
 You were unencumbered.
 You were wielding a dagger.
 You had basic skill with dagger.

Final Attributes:
 You were devoutly aligned.
 You were cold resistant.
 You had infravision.
 You were stealthy.
 You were lucky.
 You are dead.

Miscellaneous:
 You didn't encounter any bones levels.
 Total elapsed playing time was 14 minutes.

Major events:
 Turn
    1: Drastanta the lawful dwarven Valkyrie entered the dungeon
  714: entered the Gnomish Mines
  803: attained the rank of Skirmisher (level 3)
 1805: killed by a gecko, while frozen by a floating eye's gaze

You didn't know any spells.

Skills:
 Fighting Skills
   bare handed combat [Unskilled]
   two weapon combat  [Unskilled]
   riding             [Unskilled]
 Weapon Skills
   dagger             [Basic]
   axe                [Unskilled]
   pick-axe           [Unskilled]
   short sword        [Unskilled]
   broadsword         [Unskilled]
   long sword         [Unskilled]
   two-handed sword   [Unskilled]
   saber              [Unskilled]
   hammer             [Unskilled]
   quarterstaff       [Unskilled]
   polearms           [Unskilled]
   spear              [Basic]
   trident            [Unskilled]
   lance              [Unskilled]
   sling              [Unskilled]
 Spellcasting Skills
   attack spells      [Unskilled]
   escape spells      [Unskilled]

Voluntary challenges:
 Character rerolling was not enabled.
 You were an atheist.
 You never genocided any monsters.
 You never polymorphed an object.
 You never changed form.
 You used no wishes.
Achievements:
 You entered a shop.
 You entered the Gnomish Mines.
 You attained the rank of Skirmisher.

 The Dungeons of Doom: levels 1 to 4
    Level 1:
    Level 2:
       A general store, some fountains.
       Stairs down to The Gnomish Mines.
    Level 3:
       A food shop, a fountain.
    Level 4: <- You were here.
       A fountain.
       Final resting place for
          you, killed by a gecko, while frozen by a floating eye's gaze.
 The Gnomish Mines:
    Level 3:


Vanquished creatures:
  a little dog
 an orc zombie
  a coyote
  a hobbit
  3 large kobolds
  a cave spider
  a red mold
  a gecko
  a jackal
  a fox
  a kobold
  2 goblins
  5 grid bugs
  3 lichens
  2 kobold zombies
  3 newts
28 creatures vanquished.

No species were genocided or became extinct.

Game over:
                       ----------
                      /          \
                     /    REST    \
                    /      IN      \
                   /     PEACE      \
                  /                  \
                  |    Drastanta     |
                  |      67 Au       |
                  |   killed by a    |
                  |      gecko       |
                  |                  |
                  |                  |
                  |       2026       |
                 *|     *  *  *      | *
        _________)/\\_//(\/(/\)/\//\/|_)_______

Farvel Drastanta the Valkyrie...

You died in The Dungeons of Doom on dungeon level 4 with 473 points,
and 67 pieces of gold, after 1805 moves.
You were level 3 with a maximum of 41 hit points when you died.

